 Dungeon Crawl Stone Soup version 0.26.1-11-gd32895ea62 (webtiles) character file.

Game seed: 17197082666338419357

2937 nothank2 the Carver (level 9, 0/79 HPs)
             Began as a Minotaur Fighter on July 10, 2021.
             Was a Believer of Makhleb.
             Slain by an orc warlord
             ... wielding a +0 war axe
              (4 damage)
             ... in a bailey.
             The game lasted 00:26:12 (6470 turns).

nothank2 the Carver (Minotaur Fighter)              Turns: 6470, Time: 00:26:13

Health: 0/79       AC: 10    Str: 24    XL:     9   Next: 51%
Magic:  8/8        EV:  8    Int:  5    God:    Makhleb [**....]
Gold:   282        SH: 11    Dex: 10    Spells: 8/8 levels left

rFire    . . .     SeeInvis .   G - +2 scimitar
rCold    . . .     Faith    .   c - +0 kite shield
rNeg     . . .     Spirit   .   b - +0 scale mail
rPois    .         Reflect  .   t - +1 hat
rElec    .         Harm     .   (no cloak)
rCorr    .         Rampage  .   e - +0 pair of gloves
Will     .....                  f - +0 pair of boots
Stlth    ..........             y - amulet of regeneration
HPRegen  0.63/turn              (no ring)
MPRegen  0.11/turn              (no ring)

@: mighty
A: retaliatory headbutt, horns 2
a: Renounce Religion, Minor Destruction


You were in a bailey.
You worshipped Makhleb.
Makhleb was pleased with you.
You visited 2 branches of the dungeon, and saw 8 of its levels.
You also visited: Sewer and Bailey.

You collected 447 gold pieces.
You spent 165 gold pieces at shops.

Inventory:

Hand Weapons
 a - a +0 long sword
 G - a +2 scimitar (weapon)
Missiles
 g - 10 poisoned darts (quivered)
Armour
 b - a +0 scale mail (worn)
 c - a +0 kite shield (worn)
 d - a +0 troll leather armour {Purgy}
 e - a +0 pair of gloves (worn)
 f - a +0 pair of boots (worn)
 o - a +0 chain mail
 t - a +1 hat (worn)
Jewellery
 y - an amulet of regeneration (around neck)
 F - an uncursed ring of willpower {unknown}
Wands
 D - a wand of polymorph (11)
Scrolls
 h - 9 scrolls of identify
 i - 9 scrolls of remove curse
 j - 2 scrolls of fog {unknown}
 m - 2 scrolls of magic mapping
 r - a scroll of noise {unknown}
 s - 5 scrolls of teleportation {unknown}
 w - 2 scrolls of fear {unknown}
 x - a scroll of enchant armour {unknown}
 z - 2 scrolls of enchant weapon {unknown}
 E - 4 scrolls of immolation {unknown}
Potions
 k - 3 potions of degeneration
 l - 4 potions of lignification {unknown}
 n - 6 potions of resistance
 p - 2 potions of brilliance
 q - a potion of flight {unknown}
 u - a potion of magic {unknown}
 v - 2 potions of mutation {unknown}
 A - 3 potions of might
 B - 3 potions of curing {unknown}
 C - a potion of ambrosia {unknown}
 H - a potion of berserk rage {unknown}


   Skills:
 * Level 7.1 Fighting
 * Level 12.4 Long Blades
 * Level 5.3 Armour
 * Level 7.2 Shields
 + Level 0.0 Invocations


You had 8 spell levels left.
You didn't know any spells.
Your spell library was empty.

Dungeon Overview and Level Annotations

Branches:
Dungeon (7/15)             Temple (1/1) D:6           Sewer (visited)
 Bailey (1/1)

Altars:
Ashenzari
Cheibriados
Dithmenos
Fedhas
Hepliaklqana
Kikubaaqudgha
Makhleb
Nemelex Xobeh
Okawaru
Ru
Sif Muna
Trog
Uskayaw
Vehumet
Wu Jian
Xom
Yredelemnul

Shops:
D:4 *   D:7 (

Annotations:
D:4 Blork the orc


Innate Abilities, Weirdness & Mutations

You reflexively headbutt those who attack you in melee.
You have a pair of horns on your head.


Message History

You barely miss the orc warlord.
The orc warlord hits you with a +0 war axe!
You slice the orc warlord!!
The orc warlord is moderately wounded.
The orc warlord hits you with a +0 war axe!!
You closely miss the orc warlord.
You headbutt the orc warlord, but do no damage.
The orc warlord is moderately wounded.
You hit the orc warlord.
The orc warlord is moderately wounded.
The orc warlord hits you with a +0 war axe!!
* * * LOW HITPOINT WARNING * * *
You slash the orc warlord!
The orc warlord is moderately wounded.
The orc warlord hits you but does no damage.
Okay, then.
You closely miss the orc warlord. Your headbutt misses the orc warlord.
The orc warlord is moderately wounded.
The orc warlord hits you with a +0 war axe.
You die...

##### ##### ##...## ##...##
##.....## ##.....##
##.......#######.......##
##..8..8.))........8..8..##
#.............@...........#
#.............o...........#
#...8......#'''#......8...#
##......####≈≈≈####......##
♣##.....#≈≈≈≈≈≈≈≈≈#.....##
♣.##....#≈.8...8.≈#....##
♣♣..###'###.......###'###..♣♣
♣...≈≈≈)#≈≈.8...8.≈ #.≈≈≈K..♣
♣...≈≈≈.#≈......... #.≈≈≈...♣


You could see an orc warlord.

Vanquished Creatures
  Prince Ribbit (D:7)
  Duvessa (D:7)
  2 orc warriors (Bailey)
  Purgy (Sewer)
  A necrophage (D:2)
  An ice beast (D:6)
  An ogre (D:5)
  2 centaurs
  2 bullfrogs (D:6)
  A gnoll sergeant (D:7)
  Dowan (D:7)
  A wyvern zombie (D:6)
  4 scorpions
  4 wights (D:6)
  2 howler monkeys (D:7)
  2 centaur zombies
  3 hounds
  A bullfrog zombie (D:7)
  A jelly (D:7)
  5 orc wizards
  3 orc priests
  3 iguanas
  7 worker ants
  A hound zombie (D:7)
  2 hound skeletons (D:7)
  A worker ant zombie (D:6)
  A howler monkey zombie (D:6)
  12 gnolls
  A howler monkey skeleton (D:7)
  13 adders
  A river rat (D:4)
  2 white imps
  An ufetubus (D:7)
  An adder zombie (D:5)
  A worm (D:2)
  An adder skeleton (D:4)
  3 dart slugs
  7 leopard geckos
  29 orcs
  5 ball pythons
  6 giant cockroaches
  7 goblins
  12 hobgoblins
  11 jackals
  5 quokkas
  4 bats
  9 frilled lizards
  14 kobolds
  10 rats
210 creatures vanquished.

Notes
Turn   | Place    | Note
-------+----------+-------------------------------------------
     0 | D:1      | nothank2 the Minotaur Fighter began the quest for the Orb.
     0 | D:1      | Reached XP level 1. HP: 19/19 MP: 0/0
   157 | D:1      | Reached skill level 3 in Long Blades
   165 | D:1      | Reached XP level 2. HP: 15/26 MP: 1/1
   409 | D:1      | Reached skill level 4 in Long Blades
   628 | D:1      | Reached XP level 3. HP: 31/31 MP: 2/2
  1107 | D:2      | Reached skill level 5 in Long Blades
  1112 | D:2      | Reached XP level 4. HP: 30/39 MP: 3/3
  1397 | D:2      | Found a shimmering altar of Xom.
  1397 | D:2      | Found a hide-covered altar of Uskayaw.
  1774 | D:2      | Noticed a necrophage
  1783 | D:2      | Killed a necrophage
  1784 | D:2      | Reached skill level 6 in Long Blades
  1784 | D:2      | Reached XP level 5. HP: 40/45 MP: 4/4
  1882 | D:2      | Reached skill level 7 in Long Blades
  2539 | D:3      | Reached XP level 6. HP: 51/51 MP: 5/5
  2818 | D:4      | Found Lempyp's General Store.
  2837 | D:4      | Reached skill level 8 in Long Blades
  2927 | D:4      | Bought a potion of resistance for 100 gold pieces
  2927 | D:4      | Bought a scroll of magic mapping for 35 gold pieces
  2927 | D:4      | Bought a scroll of remove curse for 30 gold pieces
  3007 | D:4      | Reached skill level 9 in Long Blades
  3028 | D:4      | Found a glowing drain.
  3056 | Sewer    | Entered a sewer
  3097 | Sewer    | Noticed Purgy
  3115 | Sewer    | Killed Purgy
  3116 | Sewer    | Reached XP level 7. HP: 35/57 MP: 6/6
  3408 | D:4      | Found a bloodstained altar of Trog.
  3421 | D:4      | Found a shadowy altar of Dithmenos.
  3523 | D:4      | Noticed Blork the orc
  3592 | D:4      | Found a shimmering blue altar of Sif Muna.
  3686 | D:5      | Entered Level 5 of the Dungeon
  3820 | D:5      | Reached skill level 10 in Long Blades
  4410 | D:5      | Reached skill level 11 in Long Blades
  4482 | D:6      | Reached XP level 8. HP: 66/66 MP: 7/7
  4615 | D:6      | Found a staircase to the Ecumenical Temple.
  4624 | Temple   | Entered the Ecumenical Temple
  4675 | Temple   | Became a worshipper of Makhleb the Destroyer
  4996 | D:6      | Reached skill level 5 in Shields
  5052 | D:6      | Reached skill level 5 in Fighting
  5229 | D:6      | Reached * piety under Makhleb
  6038 | D:7      | Reached skill level 12 in Long Blades
  6042 | D:7      | Noticed Prince Ribbit
  6048 | D:7      | Killed Prince Ribbit
  6049 | D:7      | Reached XP level 9. HP: 75/75 MP: 8/8
  6078 | D:7      | Noticed Dowan
  6080 | D:7      | Noticed Duvessa
  6090 | D:7      | Killed Duvessa
  6095 | D:7      | Killed Dowan
  6132 | D:7      | Found Rophamp's Weapon Shop.
  6232 | D:7      | Reached skill level 5 in Armour
  6236 | D:7      | Reached ** piety under Makhleb
  6265 | D:7      | Found a flagged portal.
  6274 | Bailey   | Entered a bailey
  6279 | Bailey   | Noticed an orc warlord
  6387 | Bailey   | Found a runed translucent gate.
  6387 | Bailey   | Found a runed translucent gate.
  6395 | Bailey   | Found a runed translucent gate.
  6468 | Bailey   | HP: 3/79 [orc warlord/+0 war axe (28)]
  6470 | Bailey   | Slain by an orc warlord

Illustrated notes

Levels and vault maps discovered:
D:1:      dpeg_arrival_signposts, layout_basic, minmay_vboxes
D:2:      layout_basic, amethyst_overflow_temple_binary
D:3:      layout_basic
D:4:      layout_rooms, tgw_sif, minitemple, serial_shops, nicolae_shop_crystal,
          portal_sewer_entry_c
D:5:      layout_loops_ring
D:6:      layout_layer_cave, minmay_temple_entry_nine_rooms, grunt_ministairs_13
D:7:      layout_rooms, nicolae_gozag_seed_capital, enter_bailey_8,
          serial_shops, nicolae_shop_waterfront, uniq_prince_ribbit1,
          uniq_duvessa
Temple:   minmay_temple_bridge_abc
Bailey:   bailey_axe_bossmonster_kennysheep, bailey

Skill      XL: |  1  2  3  4  5  6  7  8  9 |
---------------+----------------------------+-----
Long Blades    | 3 4 5 6 7 9 11 12 | 12.4
Fighting       | 6 7 |  7.1
Shields        | 6 7 |  7.2
Armour         | 4 5 |  5.3

Action                   |  1- 3 |  4- 6 |  7- 9 || total
-------------------------+-------+-------+-------++-------
Melee: Long sword        |    89 |   192 |   159 ||   440
       Headbutt          |    11 |    22 |    59 ||    92
       Scimitar          |       |       |   155 ||   155
Throw: Dart              |       |     4 |     2 ||     6
  Use: Scroll            |       |     2 |     2 ||     4
       Potion            |       |     1 |     1 ||     2
Armor: Scale mail        |    39 |    97 |   102 ||   238
Dodge: Dodged            |    23 |    69 |    93 ||   185
Block: Kite shield       |    38 |   137 |   185 ||   360
       Rpst.: Long sword |     4 |    16 |     8 ||    28
       Scimitar          |       |       |    10 ||    10
